 Dungeon Crawl Stone Soup version 0.31-a0-640-g39d97e502b (webtiles) character file.

Game seed: 12389889604342999281

56 qw the Shooter (level 3, -2/23 HPs)
             Began as a Gargoyle Hunter on Aug 27, 2023.
             Slain by a cerulean imp
             ... wielding a +2 spear
             ... summoned by Natasha
              (6 damage)
             ... on level 2 of the Dungeon.
             The game lasted 00:00:28 (812 turns).

qw the Shooter (Gargoyle Hunter)                     Turns: 812, Time: 00:00:28

Health: -2/23      AC:  6    Str: 14    XL:     3   Next: 95%
Magic:  3/3        EV: 11    Int:  9    God:
Gold:   68         SH:  0    Dex: 15    Spells: 2/2 levels left

rFire   . . .        Y - +0 shortbow
rCold   . . .        (shield currently unavailable)
rNeg    + . .        c - +0 leather armour
rPois   inf          (no helmet)
rElec   +            (no cloak)
rCorr   .            (no gloves)
SInv    .            (no boots)
Will    .....        (no amulet)
Stlth   ++           (no ring)
HPRegen 0.23/turn    (no ring)
MPRegen 0.08/turn

%: no passive effects
@: slowed, very slow
A: sickness immunity, AC +3, negative energy resistance 1, electricity
resistance, torment resistance 1, petrification resistance
a: no special abilities


You were on level 2 of the Dungeon.
You visited 1 branch of the dungeon, and saw 2 of its levels.

You collected 68 gold pieces.


Innate Abilities, Weirdness & Mutations

You are immune to sickness and miasma.
Your stone body is resilient. (AC +3)
You are immune to poison.
You resist negative energy. (rN+)
You are resistant to electric shocks. (rElec)
You are resistant to unholy torment.
You are immune to petrification.


   Skills:
 - Level 3.0 Fighting
 + Level 5.1 Ranged Weapons
 - Level 1.5 Dodging
 - Level 1.1 Stealth


You had 2 spell levels left.
You didn't know any spells.
Your spell library was empty.

Inventory:

Hand Weapons
 Y - a +0 shortbow (weapon)
Armour
 b - a +0 ring mail
 c - a +0 leather armour (worn)
Scrolls
 a - a scroll of noise {unknown}
 g - a scroll of identify {unknown}
Potions
 d - a potion of mutation {unknown}
 e - a potion of resistance {unknown}
 f - a potion of enlightenment {unknown}

Dungeon Overview and Level Annotations

Branches:
Dungeon (2/15)

Altars:

Annotations:
D:2 Natasha


Message History

The kobold hits you but does no damage.
You shoot an arrow. The arrow closely misses Natasha.
Natasha claws you. The kobold closely misses you.
You shoot an arrow. The arrow barely misses Natasha.
Natasha claws you but does no damage. The kobold closely misses you.
You shoot an arrow. The arrow barely misses Natasha.
Natasha stares at you and mumbles some strange words.
You feel yourself slow down. The kobold hits you but does no damage.
You shoot an arrow.
The arrow hits Natasha but does no damage.
Natasha mewls in sadness.
Natasha claws you. The kobold hits you but does no damage.
An adder comes into view.
Natasha casts a spell at you. You resist with significant effort.
The kobold hits you but does no damage.
You shoot an arrow. The adder hisses angrily.
The arrow hits Natasha but does no damage.
Natasha mumbles some strange words.
The kobold hits you with a +0 short sword.
Natasha casts a spell.
Enter note: You shoot an arrow.
The arrow misses the cerulean imp.
The kobold hits you with a +0 short sword.
Natasha barely misses you.
The cerulean imp hits you but does no damage.
The kobold hits you with a +0 short sword.
You shoot an arrow. The arrow hits the cerulean imp!
The cerulean imp is severely wounded.
Natasha barely misses you. The cerulean imp barely misses you.
The kobold hits you but does no damage. Natasha claws you but does no damage.
The cerulean imp hits you but does no damage. x2
The kobold hits you but does no damage.
You shoot an arrow.
The arrow closely misses the cerulean imp.
Natasha closely misses you.
The cerulean imp hits you but does no damage.
The kobold completely misses you.
The cerulean imp hits you from afar with a +2 spear.
You die...

#. .# g#.K ##. #.###
##.##.#.# #.
.....##.......#.########.
............. #..........
...........# .#.####.##..
.w%....g..###.#.####.##..
...(.>S5...##.#..(##.##.#
#h##.##.###....##.#
#5@K..#.....##.####
####....#.####.#
#.<.........#
#.).##.###### #......#
########


You could see Natasha, 2 cerulean imps, an adder, a goblin and a kobold.

Vanquished Creatures
  2 adders (D:2)
  A worm (D:2)
  A dart slug (D:1)
  3 endoplasms
  2 giant cockroaches (D:1)
  3 goblins
  3 hobgoblins (D:1)
  4 jackals (D:1)
  7 ball pythons
  A bat (D:1)
  A frilled lizard (D:1)
  4 rats (D:1)
32 creatures vanquished.

Notes
Turn   | Place    | Note
-------+----------+-------------------------------------------
     0 | D:1      | qw the Gargoyle Hunter began the quest for the Orb.
     0 | D:1      | Reached XP level 1. HP: 12/12 MP: 1/1
     0 | D:1      | 0 ||| qw: Version: 0.3-a-74-g0d5e918
     0 | D:1      | 0 ||| qw: Game counter: 36
     0 | D:1      | 0 ||| qw: Melee chars always use a shield: true
     0 | D:1      | 0 ||| qw: God list: Okawaru
     0 | D:1      | 0 ||| qw: Allow faded altars: false
     0 | D:1      | 0 ||| qw: Do Orc after clearing Dungeon:15 true
     0 | D:1      | 0 ||| qw: Do second Lair branch before Depths: true
     0 | D:1      | 0 ||| qw: Lair rune preference: random
     0 | D:1      | 0 ||| qw: Goals: Normal
     0 | D:1      | 0 ||| PLANNING D:1-11
   109 | D:1      | Reached XP level 2. HP: 17/17 MP: 2/2
   438 | D:1      | Reached XP level 3. HP: 13/21 MP: 3/3
   504 | D:1      | Reached skill level 5 in Ranged Weapons
   585 | D:1      | 585 ||| READING scroll labelled EFYUJU COKU.
   586 | D:1      | 586 ||| READING scroll labelled CUFAM LEAXZIRIK.
   590 | D:1      | 590 ||| DROPPING scroll of butterflies.
   719 | D:2      | Reached skill level 3 in Fighting
   787 | D:2      | 787 ||| Stepping ~*~*~tactically~*~*~ (outnumbered).
   799 | D:2      | Noticed Natasha
   810 | D:2      | HP: 3/23 [kobold/+0 short sword (3)]
   812 | D:2      | Slain by a cerulean imp

Levels and vault maps discovered:
D:1:      dpeg_arrival_round_a, layout_rooms
D:2:      layout_basic, basic_altar, minmay_between, uniq_natasha

Skill      XL: |  1  2  3 |
---------------+----------+-----
Ranged Weapons | 5 |  5.1
Fighting       | 3 |  3.0
Dodging        | |  1.5
Stealth        | |  1.1

Action                     || total
---------------------------++-------
   Fire: Shortbow          ||   124
    Use: Scroll            ||     2
 Armour: Leather armour    ||    33
  Dodge: Dodged            ||    50

Table legend:
 A = Non-vault XP
 B = Vault XP
 C = Vault XP percentage of total XP
 D = Non-vault monster count
 E = Vault monster count
 F = Vault count percentage of total count
                 A         B        C        D         E       F
            +---------+---------+-------+---------+---------+-------
      Total |      67 |      13 |  16.2 |      31 |       1 |   3.1
            +---------+---------+-------+---------+---------+-------
        D:1 |      40 |       0 |   0.0 |      24 |       0 |   0.0
        D:2 |      27 |      13 |  32.5 |       7 |       1 |  12.5
            +---------+---------+-------+---------+---------+-------
